AoeStats
← old f1sh

Arena

510369631Analyzed
4v4 RM · 10h ago on Sep 30, 2026· 48m 34s· 8 players
Game mode
Random Map
Map size
Large (8 player)
Population
200
Speed
Normal
Resources
Standard
Victory
Conquest
Starting age
Dark Age
Ending age
Imperial Age
RankedLock teamsTeams togetherTeam positionsShared explorationLock speedFull tech treeHidden civsTurbo modeCheats
Victory
Defeat
🇲🇽 Khmer · Mexico
1418
+15
🇨🇳 Romans · China
1368
+17
🇨🇳 Varangians · China
1342
+18
🇨🇳 Cumans · China
1317
+19
🇧🇷 Khmer · Brazil
1440
-19
🇨🇱 Bohemians · Chile
1390
-17
🇬🇧 Teutons · United Kingdom
1389
-17
🇮🇹 Italians · Italy
1368
-16
_Mewtwo
9:56 Feudal Age
11:37 Loom
14:12 Castle Age
12:35 Double-Bit Axe
12:33 Horse Collar
15:24 Bow Saw
GAX | Gabasco
10:46 Feudal Age
13:47 Castle Age
12:00 Double-Bit Axe
12:17 Horse Collar
14:59 Bow Saw
15:48 Heavy Plow
18:08 Gold Mining
19:27 Loom
23:58 Ballistics
28:49 Imperial Age
27:50 Murder Holes
30:53 Heavy Scorpion
32:23 Gold Shaft Mining
33:00 Wheelbarrow
33:47 Pikeman
34:28 Scale Mail Armor
34:39 Forging
35:33 Chemistry
34:49 Masonry
34:31 Halberdier
35:58 Chain Mail Armor
36:16 Conscription
37:12 Iron Casting
36:48 Double Crossbow
39:11 Blast Furnace
39:52 Fletching
Iulo Ascanio2210
9:48 Feudal Age
13:56 Castle Age
12:14 Double-Bit Axe
12:45 Horse Collar
17:46 Loom
21:17 Bow Saw
22:13 Wheelbarrow
22:05 Heavy Plow
23:22 Gold Mining
23:49 Stone Mining
27:38 Imperial Age
26:03 Stone Shaft Mining
25:26 Fletching
25:36 Padded Archer Armor
25:59 Ballistics
25:50 Fortified Wall
26:52 Hand Cart
26:33 Treadmill Crane
26:49 Bodkin Arrow
27:09 Leather Archer Armor
26:40 Crossbowman
28:59 Bracer
30:02 Two-Man Saw
29:11 Town Watch
30:53 Chemistry
29:42 Arbalester
30:55 Conscription
31:42 Crop Rotation
32:13 Ring Archer Armor
32:44 Elite Genoese Crossbowman
33:53 Thumb Ring
35:10 Scale Barding Armor
35:15 Forging
36:10 Bloodlines
35:53 Light Cavalry
36:34 Husbandry
37:28 Hoardings
36:50 Hussar
37:55 Chain Barding Armor
38:11 Iron Casting
38:56 Iron Casting
39:37 Plate Barding Armor
41:42 Blast Furnace
40:47 Cavalier
46:00 Scale Mail Armor
45:23 Pikeman
47:56 Chain Mail Armor
47:43 Squires
48:29 Murder Holes
Kerrminator
10:02 Feudal Age
10:06 Feudal Age
14:29 Castle Age
12:46 Double-Bit Axe
12:56 Horse Collar
15:53 Bow Saw
17:45 Heavy Plow
18:25 Loom
19:18 Wheelbarrow
22:00 Hand Cart
23:23 Gold Mining
23:28 Stone Mining
29:15 Imperial Age
28:04 Bloodlines
28:05 Scale Barding Armor
28:10 Forging
28:15 Town Watch
30:11 Chain Barding Armor
30:26 Iron Casting
29:27 Cavalier
31:14 Chemistry
33:00 Block Printing
33:15 Illumination
33:46 Crop Rotation
34:17 Two-Man Saw
36:22 Paladin
38:12 Plate Barding Armor
37:27 Fletching
37:28 Paladin
39:39 Blast Furnace
41:56 Conscription
44:52 Fletching
.
10:32 Feudal Age
11:04 Loom
13:43 Castle Age
11:58 Double-Bit Axe
12:04 Horse Collar
15:04 Bow Saw
15:11 Heavy Plow
25:11 Wheelbarrow
24:53 Town Watch
26:26 Hand Cart
29:57 Imperial Age
28:55 Bloodlines
28:46 Husbandry
29:21 Scale Barding Armor
29:26 Forging
30:34 Chain Barding Armor
30:18 Elite Battle Elephant
32:38 Plate Barding Armor
32:24 Devotion
32:52 Gold Mining
32:53 Light Cavalry
34:37 Iron Casting
涅槃重生
10:08 Feudal Age
14:04 Castle Age
12:34 Double-Bit Axe
13:11 Horse Collar
15:28 Bow Saw
20:01 Wheelbarrow
19:29 Loom
22:10 Gold Mining
29:25 Imperial Age
27:16 Heavy Plow
27:11 Stone Mining
27:54 Scale Mail Armor
28:04 Forging
28:29 Hand Cart
28:01 Town Watch
29:00 Chain Mail Armor
29:29 Gambesons
29:46 Squires
29:32 Arson
29:36 Capped Ram
30:56 Plate Mail Armor
31:02 Iron Casting
30:24 Elite Varangian Guard
31:13 Siege Ram
34:01 Blast Furnace
32:39 Gothikon
33:40 Conscription
39:04 Fletching
39:14 Padded Archer Armor
48:31 Crop Rotation
old f1sh
9:59 Feudal Age
10:10 Loom
13:44 Castle Age
12:01 Double-Bit Axe
12:47 Gold Mining
27:56 Wheelbarrow
27:12 Horse Collar
29:02 Bow Saw
28:52 Heavy Plow
30:27 Hand Cart
31:23 Heavy Plow
31:43 Gold Mining
33:54 Gold Shaft Mining
33:10 Stone Mining
36:14 Imperial Age
34:58 Fletching
36:23 Capped Ram
37:10 Siege Engineers
37:08 Heavy Scorpion
37:45 Bodkin Arrow
38:56 Chemistry
39:40 Ballistas
39:58 Conscription
39:06 Siege Ram
43:42 Forging
43:32 Scale Mail Armor
43:14 Pikeman
43:55 Squires
43:43 Halberdier
45:01 Iron Casting
45:42 Chain Mail Armor
47:19 Blast Furnace
V我50%匡扶汉室
8:31 Feudal Age
9:32 Horse Collar
9:42 Double-Bit Axe
15:26 Wheelbarrow
17:34 Gold Mining
21:55 Castle Age
21:59 Bloodlines
21:57 Scale Barding Armor
22:04 Forging
23:14 Chain Barding Armor
23:57 Bow Saw
23:50 Heavy Plow
33:14 Imperial Age
31:45 Hand Cart
32:11 Gold Shaft Mining
33:22 Cavalier
34:42 Plate Barding Armor
34:43 Iron Casting
35:33 Two-Man Saw
35:05 Crop Rotation
34:52 Paladin
35:42 Stone Mining
40:57 Blast Furnace
40:28 Light Cavalry
42:21 Hussar
44:30 Conscription
Connection lost

Rejoining the realm…

Still unreachable

The connection could not be restored.

Session expired

The server has moved on; the page needs a fresh start.